 Dungeon Crawl Stone Soup version 0.20-a0-681-gf83e07f (webtiles) character file.

256 esc the Insei (level 6, -2/32 HPs)
             Began as a Vine Stalker Monk on Feb 18, 2017.
             Killed by divine providence
             ... invoked by an orc priest
              (11 damage)
             ... on level 4 of the Dungeon.
             The game lasted 00:07:46 (3543 turns).

esc the Insei (Vine Stalker Monk)                   Turns: 3543, Time: 00:07:47

Health: -2/32      AC: 10    Str: 14    XL:     6   Next: 16%
Magic:  0/7        EV: 12    Int:  8    God:
Gold:   160        SH:  0    Dex: 16    Spells: 5/5 levels left

rFire    + . .     SeeInvis .     - Unarmed
rCold    . . .     Gourm    .   f - +2 ring mail {rF+}
rNeg     . . .     Faith    .   (no shield)
rPois    +         Spirit   +   l - +0 helmet (curse)
rElec    .         Reflect  .   a - +0 cloak
rCorr    .         Harm     .   (no gloves)
MR       .....     Rnd*Tele +   (no boots)
Stlth    ++........             (no amulet)
Regen    0.5/turn               (no ring)
MPRegen  0.1/turn               n - ring of teleportation (curse) {+/*tele, !d}

@: no status effects
A: fangs 2, dopey 1, poison resistance, regeneration 1, shaggy fur 1, weak 1,
magic shield, antimagic bite, no potion heal 3, rot immunity
a: no special abilities


You were on level 4 of the Dungeon.
You were not hungry.

You visited 1 branch of the dungeon, and saw 4 of its levels.

You collected 160 gold pieces.

Inventory:

Armour
 a - a +0 cloak (worn)
   (You found it on level 2 of the Dungeon)
 f - a +2 ring mail of fire resistance (worn)
   (You found it on level 2 of the Dungeon)
 l - a cursed +0 helmet (worn)
   (You found it on level 2 of the Dungeon)
 s - a cursed +0 plate armour
   (You found it on level 3 of the Dungeon)
Jewellery
 n - a cursed ring of teleportation (left hand) {+/*tele, !d}
   (You found it on level 2 of the Dungeon)
Scrolls
 d - a scroll of immolation {unknown}
 g - a scroll of amnesia {unknown}
 h - 3 scrolls of identify {unknown}
 i - 3 scrolls of remove curse {unknown}
 m - a scroll of recharging {unknown}
 o - a scroll of magic mapping {unknown}
 p - a scroll of enchant weapon {unknown}
 q - 3 scrolls of random uselessness {unknown}
Potions
 c - a potion of berserk rage {unknown}
 e - a potion of flight
 t - a potion of haste
Comestibles
 b - 3 bread rations {@e1}
 j - 2 meat rations {@e2}
 k - 11 fruits
 r - 2 chunks of flesh {@w0}
 u - a royal jelly


   Skills:
 + Level 3.5 Fighting
 + Level 2.1 Armour
 + Level 3.5 Dodging
 - Level 2.4 Stealth
 + Level 4.3 Unarmed Combat


You had 5 spell levels left.
You didn't know any spells.

Dungeon Overview and Level Annotations

Branches:
Dungeon (4/15)
 Temple: D:4-7

Altars:
Yredelemnul


Innate Abilities, Weirdness & Mutations

You have extremely sharp teeth.
Your natural rate of healing is unusually fast.
When hurt, damage is shared between your health and your magic reserves.
Your bite disrupts and absorbs the magic of your enemies.
Potions cannot restore your health.
You are immune to rotting.
You are dopey. (Int -2)
Your system is resistant to poisons. (rPois)
You are covered in fur. (AC +1)
You are weak. (Str -2)


Message History

Health restored: 32; MP restored: 7 The orc shouts!
The orc throws a tomahawk of returning.
The tomahawk of returning hits you.
The weapon returns to the orc!
The orc throws a tomahawk of returning.
The tomahawk of returning hits you but does no damage.
The weapon returns to the orc!
The orc throws a tomahawk of returning.
The tomahawk of returning barely misses you.
You take 4 damage, and have 28/32 hp.
You now have 6/7 mp.
The orc throws a tomahawk of returning.
The tomahawk of returning hits you.
The weapon returns to the orc!
You take 2 damage, and have 26/32 hp.
You now have 5/7 mp.
The orc throws a tomahawk of returning.
The tomahawk of returning hits you.
The weapon returns to the orc!
You take 1 damage, and have 25/32 hp.
The orc hits you but does no damage.
You barely miss the orc. You bite the orc. You drain its power.
You feel invigorated. The orc closely misses you.
MP restored: 7 You completely miss the orc.
Your bite misses the orc. The orc hits you but does no damage.
Some of the chunks of flesh in your inventory have rotted away.
You barely miss the orc. You bite the orc, but do no damage.
The orc hits you but does no damage.
You hit the orc. You bite the orc. You drain its power.
You kill the orc!
No target in view!
No target in view!
No target in view!
No target in view!
Items here: ( ) [ † a dagger; 3 tomahawks of returning; a ring mail; an orc corpse You butcher the orc corpse.
Items here: % ( ) [ a dagger; 3 tomahawks of returning; a ring mail; 2 chunks of flesh {@w0} An orc priest is nearby!
The orc shouts!
The orc throws a silver tomahawk.
The silver tomahawk barely misses you.
You see here a silver tomahawk.
The orc priest hits you from afar with a trident.
The orc throws a silver tomahawk.
The silver tomahawk hits you but does no damage.
The silver sears you!
You see here a silver tomahawk.
You take 3 damage, and have 26/32 hp.
You now have 6/7 mp.
The orc priest hits you but does no damage.
You barely miss the orc priest. The orc priest hits you with a trident!
The orc throws a silver tomahawk.
The silver tomahawk misses you.
You take 6 damage, and have 21/32 hp.
You now have 5/7 mp.
You hit the orc priest. You bite the orc priest. You drain its power.
You feel invigorated. The orc priest barely misses you.
You hit the orc priest. Your bite misses the orc priest.
The orc priest hits you but does no damage.
You barely miss the orc priest. You bite the orc priest. You drain its power.
You feel invigorated. The orc priest hits you with a trident.
You take 2 damage, and have 20/32 hp.
You hit the orc priest but do no damage.
The orc barely misses you.
The orc priest begins to cast a cantrip, but forgets the words!
MP restored: 7 You completely miss the orc priest.
The orc hits you with a short sword. The orc priest hits you with a trident.
You take 3 damage, and have 17/32 hp.
You now have 6/7 mp.
You hit the orc priest but do no damage.
You bite the orc priest, but do no damage.
The orc hits you but does no damage.
You barely miss the orc priest.
You bite the orc priest, but do no damage.
The orc priest hits you with a trident. The orc barely misses you.
You take 3 damage, and have 14/32 hp.
You now have 5/7 mp.
You closely miss the orc priest.
You bite the orc priest, but do no damage.
The orc priest hits you with a trident. The orc closely misses you.
You take 4 damage, and have 10/32 hp.
You now have 4/7 mp.
You closely miss the orc priest. Your bite misses the orc priest.
The orc priest completely misses you.
You barely miss the orc priest.
You bite the orc priest, but do no damage.
The orc hits you but does no damage. The orc priest hits you with a trident.
You hit the orc priest but do no damage.
You bite the orc priest, but do no damage.
The orc barely misses you.
You barely miss the orc priest.
You punch the orc priest, but do no damage.
You bite the orc priest, but do no damage.
The orc priest hits you but does no damage.
The orc closely misses you.
You closely miss the orc priest. Your bite misses the orc priest.
The orc priest barely misses you. The orc hits you but does no damage.
You hit the orc priest but do no damage.
The orc priest invokes the aid of Beogh against you.
Pain shoots through your body!
* * * LOW HITPOINT WARNING * * *
The orc closely misses you.
You take 2 damage, and have 9/32 hp.
You now have 2/7 mp.
You hit the orc priest.
The orc priest invokes the aid of Beogh against you.
Beogh smites you!
You die...

# #.#####..... ..#
#........... ..#
#).......... #.#
........... #.#
#.......... #.#
#.........? ##+###.#####
#..o....... #..........#
#..@o...... #.........?#
#((........
#..........###(.........
.............)..........
#..........###..........
#..........# #..........
#..........# #..........
#..........# #....#####.
.....####### #....#


You could see an orc priest and an orc.

Vanquished Creatures
  Purgy (D:3)
  Crazy Yiuf (D:2)
  Robin (D:3)
  2 adders
  2 oozes (D:3)
  2 worms (D:3)
  3 dart slugs (D:1)
  7 orcs
  10 bats
  3 giant cockroaches (D:1)
  14 goblins
  10 hobgoblins
  4 jackals
  5 kobolds
  A ball python (D:2)
  3 frilled lizards
  6 rats
  A bush (D:2)
76 creatures vanquished.

Notes
Turn   | Place    | Note
-------+----------+-------------------------------------------
     0 | D:1      | esc the Vine Stalker Monk began the quest for the Orb.
     0 | D:1      | Reached XP level 1. HP: 11/11 MP: 2/2
   101 | D:1      | HP: 2/11 [kobold/dagger (2)]
   102 | D:1      | Reached XP level 2. HP: 3/16 MP: 0/3
   108 | D:1      | HP: 1/16 [kobold/stone (2)]
   117 | D:1      | HP: 1/16 [jackal (1)]
   725 | D:1      | Reached XP level 3. HP: 18/19 MP: 4/4
  1810 | D:2      | Found a runed door.
  1937 | D:2      | Reached skill level 1 in Armour
  2105 | D:2      | Noticed Crazy Yiuf
  2106 | D:2      | Gained mutation: You are weak. (Str -2) [potion of mutation]
  2106 | D:2      | Gained mutation: You are dopey. (Int -2) [potion of mutation]
  2106 | D:2      | Gained mutation: You are covered in fur. (AC +1) [potion of mutation]
  2106 | D:2      | Gained mutation: Your system is resistant to poisons. (rPois) [potion of mutation]
  2119 | D:2      | HP: 3/19 [Crazy Yiuf/quarterstaff of chaos (7)]
  2421 | D:2      | Killed Crazy Yiuf
  2421 | D:2      | Reached skill level 3 in Fighting
  2421 | D:2      | Reached skill level 3 in Dodging
  2421 | D:2      | Gained mutation: Your natural rate of healing is unusually fast. [Vine Stalker growth]
  2421 | D:2      | Reached XP level 4. HP: 16/24 MP: 3/5
  2591 | D:3      | Noticed Purgy
  2942 | D:3      | Noticed Robin
  2955 | D:3      | Reached XP level 5. HP: 20/28 MP: 3/6
  2988 | D:3      | Killed Robin
  3313 | D:3      | Killed Purgy
  3313 | D:3      | Reached skill level 2 in Armour
  3313 | D:3      | Reached skill level 4 in Unarmed Combat
  3313 | D:3      | Reached XP level 6. HP: 26/32 MP: 5/7
  3471 | D:4      | Found a basalt altar of Yredelemnul.
  3543 | D:4      | Killed from afar by an orc priest

Vault maps used:
D:1:      sevenhm_arrival_forest_fort_small_5, corexii_item_surrounded_by_moat
D:2:      serial_forest, infiniplex_forest_straight_4, infiniplex_forest_end_3,
          infiniplex_forest_lined_room_3, infiniplex_forest_join,
          infiniplex_forest_lined_corner, infiniplex_forest_corner_1,
          infiniplex_forest_pool, dk_vineyard_3, uniq_crazy_yiuf_cottage
D:3:      minmay_misc_feat_five, uniq_purgy, uniq_robin
D:4:      lemuel_doored_altar, yredelemnul_altar_generic, kennysheep_mini,
          lemuel_blue_sif_altar, uniq_natasha

Skill      XL: |  1  2  3  4  5 |
---------------+----------------+-----
Armour         | 1 2 |  2.1
Fighting       | 3 |  3.5
Dodging        | 3 |  3.5
Unarmed Combat | 4 |  4.3
Stealth        | |  2.4

Action                   |  1- 3 |  4- 6 || total
-------------------------+-------+-------++-------
Melee: Unarmed           |   269 |   195 ||   464
       Bite              |   129 |    62 ||   191
       Punch             |     7 |     2 ||     9
  Use: Potion            |     2 |       ||     2
       Scroll            |     1 |       ||     1
 Stab: Sleeping          |     2 |     3 ||     5
  Eat: Chunk             |     4 |     4 ||     8
       Fruit             |       |     1 ||     1
Armor: Robe              |     3 |       ||     3
       Ring mail         |    23 |    98 ||   121
Dodge: Dodged            |    77 |   137 ||   214

Vault maps used:
D:1:      sevenhm_arrival_forest_fort_small_5, corexii_item_surrounded_by_moat
D:2:      serial_forest, infiniplex_forest_straight_4, infiniplex_forest_end_3,
          infiniplex_forest_lined_room_3, infiniplex_forest_join,
          infiniplex_forest_lined_corner, infiniplex_forest_corner_1,
          infiniplex_forest_pool, dk_vineyard_3, uniq_crazy_yiuf_cottage
D:3:      minmay_misc_feat_five, uniq_purgy, uniq_robin
D:4:      lemuel_doored_altar, yredelemnul_altar_generic, kennysheep_mini,
          lemuel_blue_sif_altar, uniq_natasha

Table legend:
 A = Turns spent in this place as a percentage of turns spent in the entire game.
 B = Non-inter-level travel turns spent in this place as a percentage of non-inter-level travel turns spent in the entire game.
 C = Inter-level travel turns spent in this place as a percentage of turns spent in this place.
 D = Turns resting spent in this place as a percentage of non-inter-level travel turns spent in this place.
 E = Turns spent auto-exploring this place as a percentage of non-inter-level travel turns spent in this place.
 F = Non-inter-level travel turns spent in this place divided by the number of levels of this place that you've seen.
                   A       B       C       D       E      F
               +-------+-------+-------+-------+-------+----------------------
         Total | 100.0 | 100.0 |   0.5 |   0.9 |   6.6 | 273.8
       Dungeon | 100.0 | 100.0 |   0.5 |   0.9 |   6.6 | 273.8
               +-------+-------+-------+-------+-------+----------------------

Table legend:
 A = Kills in this place as a percentage of kills in entire the game.
 B = Kills by you in this place as a percentage of kills by you in the entire game.
 C = Kills by friends in this place as a percentage of kills by friends in the entire game.
 D = Other kills in this place as a percentage of other kills in the entire game.
 E = Experience gained in this place as a percentage of experience gained in the entire game.
 F = Experience gained in this place divided by the number of levels of this place that you have seen.
                   A       B       C       D       E      F
               +-------+-------+-------+-------+-------+----------------------
         Total | 100.0 | 100.0 |  -nan |  -nan | 100.0 |  91.8
       Dungeon | 100.0 | 100.0 |  -nan |  -nan | 100.0 |  91.8
               +-------+-------+-------+-------+-------+----------------------
